 Dungeon Crawl Stone Soup version 0.31-a0-219-g8d62b2e7bb (webtiles) character file.

Game seed: 10133308107624479602

19602 olmar the Geomancer (level 12, -2/88 HPs)
             Began as a Demigod Earth Elementalist on July 4, 2023.
             Slain by a seven-headed hydra (8 damage)
             ... on level 2 of the Lair of Beasts.
             The game lasted 00:27:07 (17682 turns).

olmar the Geomancer (Demigod Earth Elementalist)   Turns: 17682, Time: 00:27:08

Health: -2/88      AC:  8    Str: 11    XL:     12   Next: 10%
Magic:  25/31      EV: 13    Int: 39    God:
Gold:   1112       SH:  0    Dex: 14    Spells: 21/32 levels left

rFire   + + .        M - +7 long sword "Posavuvo" {vamp, rF++ Str+2}
rCold   . . .        (no shield)
rNeg    . . .        P - +0 troll leather armour
rPois   .            (no helmet)
rElec   .            (no cloak)
rCorr   .            (no gloves)
SInv    .            (no boots)
Will    +....        (no amulet)
Stlth   ++           p - +4 ring of protection
HPRegen 1.14/turn    O - +6 ring of intelligence
MPRegen 0.22/turn

%: no passive effects
@: no status effects
A: high MP 1, forlorn, divine attributes
a: no special abilities


You were on level 2 of the Lair of Beasts.
You visited 3 branches of the dungeon, and saw 14 of its levels.

You collected 1112 gold pieces.

Inventory:

Hand Weapons
 c - a +0 short sword
 r - a +0 spear of freezing
 G - a +7 short sword
 M - the +7 long sword "Posavuvo" (weapon) {vamp, rF++ Str+2}
   (You found it on level 7 of the Dungeon)

   Str:       It affects your strength (+2).
   rF:        It greatly protects you from fire.
Missiles
 t - 3 atropa-tipped darts
 w - 9 boomerangs
 x - 8 poisoned darts
 D - 2 throwing nets
Armour
 a - a +0 robe
 C - a +2 robe of cold resistance
 H - a +0 kite shield
 P - a +0 troll leather armour (worn)
 Q - a +1 robe of positive energy
Jewellery
 p - a +4 ring of protection (left hand)
 K - a ring of protection from fire
 O - a +6 ring of intelligence (right hand)
 U - an amulet of reflection
Wands
 n - a wand of roots (10)
 o - a wand of light (5)
 u - a wand of flame (15)
 R - a wand of charming (1)
Scrolls
 d - 2 scrolls of poison
 e - 2 scrolls of immolation
 f - 3 scrolls of blinking
 h - 4 scrolls of fear
 i - 4 scrolls of amnesia
 j - a scroll of vulnerability
 l - a scroll of noise
 v - a scroll of enchant armour
 y - 3 scrolls of teleportation
 J - a scroll of enchant weapon
 L - 4 scrolls of fog
 S - a scroll of revelation
 T - a scroll of brand weapon {unknown}
Potions
 b - a potion of magic
 g - 4 potions of heal wounds
 k - a potion of degeneration
 m - 3 potions of enlightenment
 q - 2 potions of brilliance
 s - 3 potions of mutation
 z - 2 potions of ambrosia
 A - 6 potions of attraction
 B - 5 potions of might
 E - 6 potions of curing
 F - 2 potions of berserk rage {unknown}
 I - a potion of invisibility {unknown}
 N - a potion of cancellation {unknown}


   Skills:
 + Level 2.5 Fighting
 - Level 0.3(0.8) Short Blades
 - Level 1.0(1.1) Long Blades
 + Level 3.4 Armour
 + Level 4.0 Dodging
 + Level 4.4 Stealth
 + Level 10.6 Spellcasting
 + Level 7.0 Conjurations
 + Level 3.4 Summonings
 + Level 2.5 Transmutations
 + Level 10.9 Earth Magic
 + Level 0.8 Evocations


You had 21 spell levels left.
You knew the following spells:

 Your Spells              Type           Power      Damage    Failure   Level
a - Sandblast             Erth           100%       2d20      1%          1
b - Passwall              Tmut/Erth      54%        N/A       1%          2
c - Summon Small Mammal   Summ           100%       N/A       1%          1
d - Stone Arrow           Conj/Erth      100%       3d13      1%          3
e - Petrify               Tmut/Erth      65%        N/A       1%          4

Your spell library contained the following spells:

 Spells                   Type           Power      Damage    Failure   Level
 Magic Dart               Conj           100%       1d8       1%          1
 Searing Ray              Conj           100%       2d8       1%          2
 Apportation              Tloc           40%        N/A       2%          1
 Necrotise                Necr           80%        1d8       2%          1
 Cigotuvi's Dreadful Rot  Necr/Pois/Air  40%        N/A       3%          2
 Ignite Poison            Fire/Tmut/Pois 27%        N/A       4%          3
 Flame Wave               Conj/Fire      48%        2d12      5%          4
 Fulminant Prism          Conj/Hex       24%        3d12      5%          4
 Sticky Flame             Conj/Fire      48%        2d7       5%          4
 Inner Flame              Hex/Fire       20%        N/A       7%          3
 Vhi's Electric Charge    Tloc/Air       40%        N/A       7%          3
 Irradiate                Conj/Tmut      27%        3d20      9%          5
 Arcjolt                  Conj/Air       24%        1d34      16%         5
 Blade Hands              Tmut           20%        N/A       22%         5
 Freezing Cloud           Conj/Ice/Air   19%        6-21      24%         5
 Plasma Beam              Fire/Air       10%        2x1d21    98%         6
 Dragon Form              Tmut           20%        N/A       100%        7
 Maxwell's Capacitive Co  Air            10%        ∞         100%        8


Dungeon Overview and Level Annotations

Branches:
Dungeon (11/15)            Temple (0/1) D:4            Lair (2/5) D:9
  Snake (0/4) Lair:2          Orc (1/2) D:11
  Swamp: Lair:2-3    Shoals: Lair:2-3

Shops:
D:9 *

Annotations:
D:2 Robin
D:6 1 runed translucent door, Smol's ghost, novice OpFi
D:10 2 transporters


Innate Abilities, Weirdness & Mutations

You have an increased reservoir of magic. (+10% MP)
You shall have no god before yourself.
Your divine heritage dramatically boosts your attributes as you level up.


Message History

Casting: Stone Arrow (safe; 1% risk of failure)
Confirm with . or Enter, or press ? or * to list all spells.
Aiming: Petrify (mildly dangerous; 1% risk of failure)
Press: ? - help, Shift-Dir - straight line, f - seven-headed hydra
Aim: a seven-headed hydra (chance to affect: 44%)
The seven-headed hydra is moving more slowly.
The water moccasin hisses angrily.
You hear a loud, deep croak!
A bullfrog comes into view.
The seven-headed hydra bites you! The seven-headed hydra bites you.
The seven-headed hydra barely misses you.
The seven-headed hydra misses you. The seven-headed hydra bites you.
The seven-headed hydra barely misses you.
The seven-headed hydra closely misses you.
Unknown command.
Casting: Petrify (mildly dangerous; 1% risk of failure)
Confirm with . or Enter, or press ? or * to list all spells.
Okay, then.
Casting: Petrify (mildly dangerous; 1% risk of failure)
Confirm with . or Enter, or press ? or * to list all spells.
Aiming: Passwall (safe; 1% risk of failure)
Press: ? - help, Dir - move target, p - seven-headed hydra A rock wall.
The seven-headed hydra bites you. x4
The seven-headed hydra closely misses you.
The seven-headed hydra bites you. x2
You begin to meditate on the wall.
You continue meditating on the rock.
The seven-headed hydra bites you!
* * * LOW HITPOINT WARNING * * *
The seven-headed hydra bites you but does no damage.
The seven-headed hydra bites you!
* * * LOW HITPOINT WARNING * * *
The seven-headed hydra bites you but does no damage.
The seven-headed hydra bites you.
* * * LOW HITPOINT WARNING * * *
The seven-headed hydra bites you but does no damage.
The seven-headed hydra bites you!
* * * LOW HITPOINT WARNING * * *
You continue meditating on the rock.
The seven-headed hydra bites you!
You die...

.. #. .# #. (. .. ..
... . ## #. .# #.# .
#.... ..... P.. ##.#.
.#.# ... #...S ... ...
#.#D#.# ... ...
#..#@### .... ...
##.#.##.####.... ...
#P.............. ...
##.............. ...
#.............. ...
#............... ...
##....PP...#..........
#......#..............
##.....#..P.P..##.##.#


You could see a seven-headed hydra (petrifying) and a water moccasin.

Vanquished Creatures
  Josephine (D:11)
  Erica (D:9)
  2 two-headed ogres
  An ugly thing (D:7)
  A cyclops (D:11)
  2 cane toads (Lair:1)
  2 unseen horrors
  2 komodo dragons
  3 trolls
  A polar bear (Lair:1)
  4 blink frogs (Lair:1)
  A hornet (D:11)
  6 wraiths
  4 fire bats (Lair:2)
  A shadow (D:9)
  A basilisk (Lair:2)
  19 yaks
  4 wyverns
  A fire elemental (Lair:2)
  A steam dragon (Lair:1)
  Grum (D:9)
  3 nagas (Lair:2)
  2 wargs
  An acid dragon (D:9)
  6 water moccasins
  11 orc warriors
  2 ice beasts (D:7)
  3 ogres
  2 black bears
  8 wolves
  4 centaurs
  A phantom (D:6)
  Blork the orc (D:6)
  A kobold brigand (D:8)
  8 bullfrogs
  2 gnoll sergeants
  6 scorpions
  12 killer bees
  2 howler monkeys
  10 electric eels
  A lava snake (Lair:2)
  13 orc priests
  3 jellies
  Jessica (D:2)
  4 iguanas
  17 orc wizards
  Natasha (thrice) (D:4)
  13 gnolls
  7 adders
  3 white imps
  5 worms
  3 dart slugs
  70 orcs
  7 ball pythons
  6 bats
  6 endoplasms
  3 giant cockroaches
  2 goblins
  12 hobgoblins
  2 jackals
  2 quokkas
  3 frilled lizards
  18 kobolds
  11 rats
359 creatures vanquished.

Vanquished Creatures (others)
  2 yaks (Lair:1)
  A butterfly (D:9)
3 creatures vanquished.

Grand Total: 362 creatures vanquished

Notes
Turn   | Place    | Note
-------+----------+-------------------------------------------
     0 | D:1      | olmar the Demigod Earth Elementalist began the quest for
                  | the Orb.
     0 | D:1      | Reached XP level 1. HP: 14/14 MP: 5/5
     7 | D:1      | Reached skill level 1 in Transmutations
    93 | D:1      | Reached XP level 2. HP: 15/20 MP: 0/7
   208 | D:1      | Learned a level 2 spell: Passwall
   210 | D:1      | Learned a level 1 spell: Summon Small Mammal
   864 | D:2      | Noticed Robin
   999 | D:2      | Reached XP level 3. HP: 24/26 MP: 4/8
  1417 | D:2      | You fall into a shaft and drop 2 floors!
  1587 | D:4      | Noticed a scorpion
  1593 | D:4      | Killed a scorpion
  1594 | D:4      | Reached XP level 4. HP: 17/33 MP: 9/11
  1683 | D:4      | Learned a level 3 spell: Stone Arrow
  1700 | D:4      | Reached XP level 5. HP: 38/38 MP: 8/12
  2188 | D:2      | Reached XP level 6. HP: 45/45 MP: 11/14
  2356 | D:2      | Noticed Jessica
  2357 | D:2      | Killed Jessica
  2835 | D:3      | Reached skill level 5 in Earth Magic
  2934 | D:3      | Learned a level 4 spell: Petrify
  3316 | D:4      | Found a staircase to the Ecumenical Temple.
  3336 | D:4      | Noticed Natasha
  3341 | D:4      | Killed Natasha
  3507 | D:4      | Noticed Natasha
  3511 | D:4      | Killed Natasha
  3600 | D:4      | Noticed Natasha
  3602 | D:4      | Killed Natasha
  3771 | D:5      | Entered Level 5 of the Dungeon
  3871 | D:5      | Reached XP level 7. HP: 50/50 MP: 14/16
  4160 | D:5      | Reached skill level 5 in Spellcasting
  5090 | D:6      | Noticed Blork the orc
  5099 | D:6      | Killed Blork the orc
  5100 | D:6      | Reached XP level 8. HP: 34/57 MP: 2/20
  5734 | D:6      | Found a runed translucent door.
  5735 | D:6      | Noticed Smol's ghost (novice OpFi)
  5735 | D:6      | Noticed a +1 rapier of chaos
  5779 | D:6      | Reached skill level 1 in Conjurations
  5779 | D:6      | Reached skill level 1 in Summonings
  6119 | D:6      | Noticed a moth of wrath
  7216 | D:7      | Noticed a brown ugly thing
  7801 | D:7      | Reached XP level 9. HP: 28/63 MP: 12/23
  7903 | D:7      | Identified the +7 long sword "Posavuvo" {vamp, rF++ Str+2}
  8117 | D:7      | Killed a brown ugly thing
  9444 | D:8      | Identified the +6 flail "Cuuciaz" {heavy, +Blink rElec
                  | Str-2}
  9753 | D:9      | Found a staircase to the Lair.
 10099 | D:9      | Reached skill level 1 in Fighting
 10099 | D:9      | Reached skill level 1 in Long Blades
 10178 | D:9      | Reached XP level 10. HP: 24/71 MP: 11/26
 10389 | D:9      | Noticed Erica
 10428 | D:9      | Found Mudalil's CLEARANCE SALE!.
 10828 | D:9      | Noticed a two-headed ogre
 11159 | D:9      | Noticed Grum
 11183 | D:9      | Killed Grum
 11529 | D:9      | Killed Erica
 11719 | D:9      | Killed a two-headed ogre
 11878 | D:10     | Entered Level 10 of the Dungeon
 11878 | D:10     | Found a transporter.
 11879 | D:10     | Noticed a skeletal warrior
 12012 | D:10     | Noticed a two-headed ogre
 12016 | D:10     | Killed a two-headed ogre
 12166 | D:10     | Reached skill level 5 in Conjurations
 12732 | D:10     | Found a transporter.
 12739 | D:10     | Identified the ring "Xisucw" {Ice *Slow rN+ Will+ Str+2}
 12768 | D:10     | Noticed a death knight
 13028 | D:11     | Reached XP level 11. HP: 66/77 MP: 21/28
 13398 | D:11     | Found a staircase to the Orcish Mines.
 13973 | D:11     | Noticed Josephine
 13978 | D:11     | Killed Josephine
 13979 | D:11     | Reached skill level 1 in Armour
 14377 | Orc:1    | Entered Level 1 of the Orcish Mines
 14385 | Orc:1    | Reached skill level 10 in Earth Magic
 14991 | Orc:1    | Noticed an orc knight
 15092 | Lair:1   | Entered Level 1 of the Lair of Beasts
 15226 | Lair:1   | Reached skill level 10 in Spellcasting
 15786 | Lair:1   | Identified the +5 dagger "Hydraslayer" {spect, rN+}
 17017 | Lair:2   | Reached XP level 12. HP: 84/86 MP: 2/31
 17629 | Lair:2   | Found a staircase to the Snake Pit.
 17678 | Lair:2   | Noticed a seven-headed hydra
 17682 | Lair:2   | Slain by a seven-headed hydra

Illustrated notes

Levels and vault maps discovered:
D:1:      mushboom_english_gardens, layout_basic, serial_aquarium,
          aquarium_bridge_square [aquarium_subvault_bridge,
          aquarium_subvault_wall, aquarium_subvault_window,
          aquarium_subvault_window], aquarium_bridge_straight
          [aquarium_subvault_bridge, aquarium_subvault_wall,
          aquarium_subvault_bridge, aquarium_subvault_wall],
          aquarium_window_fake, aquarium_window_corner, aquarium_window_1,
          aquarium_view_2d, aquarium_view_2e, minmay_three_crescents
D:2:      layout_basic, kennysheep_nondescript, minmay_circled_x, uniq_robin,
          uniq_jessica
D:3:      layout_basic, corexii_corridor_pit
D:4:      layout_rooms, lemuel_crystal_altar, minmay_temple_entry_arrows,
          nicolae_half_adder, uniq_natasha
D:5:      layout_basic, minmay_misc_feat_tower
D:6:      layout_basic, grunt_temple_overflow_open, tgw_trog, ebering_ghost_xom,
          kennysheep_big_empty_room, chequers_serial_rivers_small_3,
          serial_bayou_crossing, uniq_blork_the_orc
D:7:      kennysheep_spiral_hall, layout_cave_pools, eino_jars
D:8:      layout_loops_cross, mainiacjoe_overflow_small_starburst,
          gammafunk_temple_overflow_statue, kennysheep_generic_room_2
D:9:      layout_roguey, nicolae_elyvilon_peaceful_grove, lair_entry_dummy,
          serial_co_window_serial, co_window_of_opportunity_a,
          co_window_corner_a, co_window_of_opportunity_a, co_window_corner_a,
          co_window_paths_b, co_window_corner_b, co_window_2corner,
          co_window_broadway_c, co_window_unsneaky_path_e, co_window_broadway_b,
          glass_columns_b, glass_columns_a, glass_columns_c, glass_columns_a,
          glass_columns_a, nicolae_shop_clearance, uniq_grum, uniq_erica
D:10:     layout_rooms, gammafunk_temple_of_torment
D:11:     layout_roguey, hiddenorc2_lemuel, nicolae_sextant,
          nicolae_ru_great_annihilating_truth, uniq_josephine
Lair:1:   layout_cave_pods, grunt_megastairs_5, serial_bayou_shore_a
Lair:2:   hellmonk_destroyed_diamonds, layout_gridlike,
          nicolae_snake_entry_squirm, st_stairs_10, serial_bayou_lagoon_b
Orc:1:    layout_diamond_mine

Skill      XL: |  1  2  3  4  5  6  7  8  9 10 11 12 |
---------------+-------------------------------------+-----
Transmutations | 1 2 |  2.5
Earth Magic    | 3 4 5 6 7 8 9 10 | 10.9
Stealth        | 2 3 4 |  4.4
Dodging        | 2 3 4 |  4.0
Spellcasting   | 2 3 4 5 6 8 9 10 | 10.6
Conjurations   | 1 3 5 6 7 |  7.0
Summonings     | 1 2 3 |  3.4
Fighting       | 1 2 |  2.5
Long Blades    | 1 |  1.0
Armour         | 3 |  3.4
Short Blades   | |  0.3
Evocations     | |  0.8

Action                     |  1- 3 |  4- 6 |  7- 9 | 10-12 || total
---------------------------+-------+-------+-------+-------++-------
  Melee: Unarmed           |    18 |       |       |       ||    18
         Short sword       |     2 |       |     6 |       ||     8
         Long sword        |       |       |    25 |   149 ||   174
         Punch             |       |       |       |     1 ||     1
   Cast: Sandblast         |    56 |    85 |    61 |    26 ||   228
         Summon Small Mamm |       |     3 |    24 |    11 ||    38
         Stone Arrow       |       |       |    84 |   256 ||   340
         Passwall          |       |       |     7 |     1 ||     8
         Petrify           |       |       |     7 |     4 ||    11
  Evoke: Wand              |     1 |     2 |     5 |     5 ||    13
    Use: Scroll            |     4 |     6 |     9 |     3 ||    22
         Potion            |       |       |       |     6 ||     6
   Stab: Petrified         |       |       |     3 |       ||     3
 Armour: Robe              |     7 |     6 |    23 |    18 ||    54
         Troll leather arm |       |       |       |   106 ||   106
         Skin              |       |       |       |     1 ||     1
  Dodge: Dodged            |    38 |     9 |    57 |   234 ||   338

Table legend: (Time is in decaauts)
 A = Elapsed time spent in this place.
 B = Non-inter-level travel time spent in this place.
 C = Inter-level travel time spent in this place.
 D = Time resting spent in this place.
 E = Time spent auto-exploring this place.
 F = Levels seen in this place.
 G = Mean time per level.
                   A        B        C        D        E       F      G
               +--------+--------+--------+--------+--------+-----+--------+
         Total |  17917 |  17417 |    500 |   5343 |   9480 |  14 | 1279.8 |
       Dungeon |  14740 |  14284 |    456 |   4499 |   7737 |  11 | 1340.0 |
          Lair |   2628 |   2586 |     42 |    683 |   1468 |   2 | 1314.0 |
  Orcish Mines |    548 |    548 |      0 |    161 |    274 |   1 |  548.0 |
               +--------+--------+--------+--------+--------+-----+--------+

Top non-repeatable levels by time:
     D:9: 2055 daAuts
     D:7: 2049 daAuts
  Lair:1: 1926 daAuts
     D:6: 1571 daAuts
    D:11: 1557 daAuts
     D:8: 1247 daAuts
     D:5: 1178 daAuts
    D:10: 1151 daAuts
     D:2: 1055 daAuts
     D:3: 1023 daAuts
     D:4: 973 daAuts
     D:1: 876 daAuts
  Lair:2: 702 daAuts
   Orc:1: 548 daAuts
